 Dungeon Crawl Stone Soup version 0.29-a0-825-g72347fce65 (webtiles) character file.

Game seed: 16891517994734154865

14 Malachi the Slasher (level 2, -1/22 HPs)
             Began as a Demonspawn Gladiator on July 11, 2022.
             Slain by a goblin
             ... wielding a +0 club
              (3 damage)
             ... on level 4 of the Dungeon.
             The game lasted 00:01:01 (863 turns).

Malachi the Slasher (Demonspawn Gladiator)           Turns: 863, Time: 00:01:02

Health: -1/22      AC:  4    Str: 14    XL:     2   Next: 27%
Magic:  2/2        EV: 12    Int: 11    God:
Gold:   53         SH:  0    Dex: 14    Spells: 1/1 levels left

rFire   . . .      SeeInvis .   a - +1 long sword
rCold   . . .      Faith    .   (no shield)
rNeg    . . .      Spirit   .   b - +0 leather armour
rPois   .          Reflect  .   c - +0 helmet
rElec   .          Harm     .   (no cloak)
rCorr   .          Rampage  .   (no gloves)
Will    .....                   (no boots)
Stlth   +.........              (no amulet)
HPRegen 0.07/turn               (no ring)
MPRegen 0.08/turn               (no ring)

@: weak-willed, attractive
A: big brain 1
a: no special abilities


You were on level 4 of the Dungeon.
You visited 1 branch of the dungeon, and saw 3 of its levels.

You collected 53 gold pieces.

Inventory:

Hand Weapons
 a - a +1 long sword (weapon)
Missiles
 d - 3 throwing nets (quivered)
 e - a javelin
Armour
 b - a +0 leather armour (worn)
 c - a +0 helmet (worn)
Potions
 f - a potion of attraction
 g - a potion of brilliance {unknown}
 j - 2 potions of curing {unknown}


   Skills:
 + Level 2.0 Fighting
 * Level 3.3 Long Blades
 - Level 1.7 Throwing
 - Level 2.6 Dodging


You had one spell level left.
You didn't know any spells.
Your spell library contained the following spells:

 Spells                   Type           Power      Damage    Failure   Level
 Gell's Gravitas          Tloc           0%         N/A       80%         3
 Teleport Other           Tloc           0%         N/A       80%         3
 Dispersal                Tloc           0%         N/A       100%        6


Dungeon Overview and Level Annotations

Branches:
Dungeon (2/15)

Altars:


Innate Abilities, Weirdness & Mutations

You have an unusually large brain. (Int +2)


Message History

The phantom hits you but does no damage.
The phantom attacks as you move away!
The phantom hits you but does no damage.
The phantom attacks as you move away! The phantom hits you.
A goblin comes into view. It is wielding a +0 club.
The phantom attacks as you move away!
The phantom hits you but does no damage.
The goblin shouts!
There is a stone staircase leading down here.
You hit the phantom.
The phantom is moderately damaged.
An endoplasm comes into view.
The phantom hits you.
The phantom blinks!
You blink.
Found a small silver amulet.
The phantom attacks as you move away! The phantom hits you!
* * * LOW HITPOINT WARNING * * *
The goblin closely misses you. The goblin attacks as you move away!
The goblin misses you.
The endoplasm quivers.
There is a stone staircase leading down here.
As you read the scroll labelled YTANTI QAVVUHE, it crumbles to dust.
Magic quickly surges around you.
It was a scroll of vulnerability.
The phantom hits you.
* * * LOW HITPOINT WARNING * * *
The goblin barely misses you.
The endoplasm jiggles.
As you read the scroll labelled XUOLOD PETTAGACH, it crumbles to dust.
It is a scroll of enchant weapon.
Your +0 long sword glows red for a moment.
The goblin hits you with a +0 club.
* * * LOW HITPOINT WARNING * * *
The phantom closely misses you.
You aren't carrying any scrolls.
Unknown command.
It was a potion of attraction.
You feel attractive to monsters. The phantom hits you.
* * * LOW HITPOINT WARNING * * *
The goblin hits you with a +0 club.
You die...

#.......###......?..
##.......#####.......
#....................
#..##.#########.......
##..# #.# #....$..
#..# #.# #.......
.....###.#####
#.......
..............#
########
.###.....@....+
##....gW...#
#.........#
###.....J.# ##......#
#...........
#.####...... #..
...... ...# .."###


You could see a phantom (weak-willed), an endoplasm (weak-willed) and a goblin
(weak-willed).

Vanquished Creatures
  2 ball pythons (D:1)
  2 bats (D:1)
  An endoplasm (D:2)
  2 hobgoblins (D:1)
  A quokka (D:1)
  A frilled lizard (D:1)
  2 kobolds (D:1)
  A rat (D:1)
12 creatures vanquished.

Notes
Turn   | Place    | Note
-------+----------+-------------------------------------------
     0 | D:1      | Malachi the Demonspawn Gladiator began the quest for the
                  | Orb.
     0 | D:1      | Reached XP level 1. HP: 16/16 MP: 1/1
   153 | D:1      | Reached skill level 3 in Long Blades
   546 | D:1      | Gained mutation: You have an unusually large brain. (Int
                  | +2) [demonic ancestry]
   546 | D:1      | Reached XP level 2. HP: 22/22 MP: 2/2
   820 | D:2      | You fall into a shaft and drop 2 floors!
   822 | D:4      | Noticed a centaur
   822 | D:4      | Noticed an ogre
   839 | D:4      | Noticed a phantom
   863 | D:4      | Slain by a goblin

Illustrated notes

Levels and vault maps discovered:
D:1:      dpeg_arrival_radiant, layout_loops_ring
D:2:      cheibrodos_helix_gallery, layout_rooms
D:4:      layout_basic, mainiacjoe_overflow_swirl, nemelex_dance_club_becter,
          minmay_vboxes

Skill      XL: |  1 |
---------------+----+-----
Long Blades    | 3 |  3.3
Fighting       | |  2.0
Throwing       | |  1.7
Dodging        | |  2.6

Action                   || total
-------------------------++-------
Melee: Long sword        ||    30
  Use: Scroll            ||     4
       Potion            ||     1
Armor: Leather armour    ||    14
Dodge: Dodged            ||    34

Table legend: (Time is in decaauts)
 A = Elapsed time spent in this place.
 B = Non-inter-level travel time spent in this place.
 C = Inter-level travel time spent in this place.
 D = Time resting spent in this place.
 E = Time spent auto-exploring this place.
 F = Levels seen in this place.
 G = Mean time per level.
                   A        B        C        D        E       F      G
               +--------+--------+--------+--------+--------+-----+--------+
         Total |    869 |    837 |     32 |      0 |    712 |   3 |  289.7 |
       Dungeon |    869 |    837 |     32 |      0 |    712 |   3 |  289.7 |
               +--------+--------+--------+--------+--------+-----+--------+

Top non-repeatable levels by time:
     D:1: 819 daAuts
     D:4: 42 daAuts
     D:2: 7 daAuts
